Map: Ascension to Aiur LE

Players

SamuraiFunn - Winner!

  • Race: Protoss Protoss
  • League: Platinum
  • Spawn Location: 11:00

A.I. 1 (Very Hard)

  • Race: Zerg Zerg
  • Spawn Location: 5:00

VOD

Have the link to the VOD?

Description

Time

  • Played on: Dec. 1, 2017, 9:10 p.m.
  • Length: 14:00
Show
View Real Time Build Order
Export as new Build Order

SamuraiFunn Protoss - Winner!

Build Orders:  

Get SALT Encoding   

  12  0:01  Probe  
  13  0:16  Probe  
  14  0:28  Probe  
  15  0:45  Pylon  
  15  1:03  Probe (Chrono Boost)  
  16  1:05  Assimilator  
  16  1:15  Probe (Chrono Boost)  
  18  1:18  Probe (Chrono Boost)  
  18  1:27  Assimilator  
  18  1:29  Probe  
  19  1:37  Gateway  
  19  1:41  Probe  
  20  1:54  Probe  
  21  2:06  Probe  
  22  2:18  Probe  
  23  2:32  Cybernetics Core  
  23  2:35  Pylon  
  23  2:44  Pylon  
  23  2:53  Probe, Zealot  
  26  3:05  Probe  
  26  3:06  Gateway  
  26  3:11  Stargate  
  26  3:12  Stargate  
  27  3:22  Nexus  
  27  3:24  Assimilator  
  27  3:28  Assimilator  
  27  3:37  Pylon  
  27  3:41  Warp Gate  
  27  3:52  Probe  
  28  3:57  Zealot  
  33  4:04  Probe  
  33  4:08  Oracle  
  37  4:11  Oracle  
  37  4:20  Pylon  
  37  4:25  Probe  
  38  4:34  Probe  
  38  4:37  Probe  
  43  4:46  Probe  
  43  4:49  Probe  
  43  4:51  Oracle  
  48  4:58  Oracle  
  51  5:34  Oracle  
  51  5:39  Gateway  
  51  5:42  Void Ray  
  46  6:18  Zealot  
  48  6:29  Probe x2, Gateway  
  48  6:31  Gateway  
  50  6:33  Gateway  
  48  6:41  Probe x2  
  48  6:43  Zealot  
  48  6:44  Zealot  
  54  6:49  Void Ray  
  54  6:53  Probe x2  
  60  6:56  Pylon  
  60  6:57  Pylon  
  60  7:05  Probe x2  
  62  7:17  Zealot  
  62  7:18  Zealot x2  
  68  7:35  Twilight Council  
  68  7:38  Void Ray  
  46  8:07  Zealot x4  
  46  8:08  Zealot  
  46  8:09  Void Ray (Chrono Boost)  
  60  8:15  Charge (Chrono Boost)  
  60  8:21  Probe, Pylon  
  60  8:22  Probe  
  62  8:40  Void Ray (Chrono Boost)  
  66  8:53  Void Ray (Chrono Boost)  
  70  9:10  Templar Archives  
  70  9:12  Adept x3  
  70  9:13  Adept  
  78  9:20  Void Ray  
  82  9:46  High Templar  
  82  9:47  High Templar x3  
  82  9:48  High Templar x2  
  82  9:52  Archon  
  94  9:53  Archon x2  
  94  10:01  Pylon  
  94  10:02  Pylon  
  94  10:06  Dark Shrine  
  84  10:17  Void Ray x2  
  72  10:30  Zealot  
  72  10:32  High Templar x3  
  72  10:34  Zealot x2  
  84  10:37  Archon  
  84  11:00  Psionic Storm  
  84  11:06  Zealot x5  
  78  11:42  Dark Templar x4  
  78  11:45  Zealot x2  
  84  12:07  Void Ray x2  
  92  12:16  Zealot x3  
  92  12:17  Zealot  
  98  12:43  Zealot x2  
  98  12:44  Zealot x2  
Show
View Real Time Build Order
Export as new Build Order

A.I. 1 (Very Hard) Zerg 

Build Orders: Pool First 

Get SALT Encoding   

  12  0:00  Drone  
  13  0:12  Overlord  
  13  0:16  Drone  
  14  0:30  Drone x2  
  16  0:42  Spawning Pool  
  15  0:44  Drone  
  15  0:48  Drone  
  17  1:10  Hatchery  
  16  1:14  Drone  
  16  1:16  Extractor  
  16  1:19  Drone  
  16  1:24  Drone  
  18  1:28  Drone  
  19  1:38  Overlord  
  19  1:49  Drone  
  19  1:51  Queen  
  22  1:59  Zergling x2  
  23  2:10  Drone  
  24  2:21  Drone  
  25  2:26  Queen  
  27  2:31  Roach Warren  
  27  2:33  Extractor  
  27  2:35  Drone  
  26  2:40  Drone  
  27  2:47  Overlord  
  27  2:50  Drone  
  28  2:53  Drone  
  28  2:56  Drone  
  30  2:58  Drone  
  30  3:03  Drone  
  32  3:07  Zergling x2  
  32  3:09  Zergling x2  
  34  3:14  Roach  
  34  3:18  Roach  
  38  3:22  Roach  
  38  3:25  Roach  
  42  3:28  Drone  
  42  3:30  Drone  
  44  3:36  Overlord  
  44  3:43  Lair  
  44  3:48  Metabolic Boost  
  44  3:52  Overlord  
  44  3:55  Drone  
  45  3:57  Drone  
  45  3:59  Drone  
  45  4:02  Zergling x2  
  48  4:04  Zergling x2  
  48  4:06  Zergling x2  
  50  4:12  Evolution Chamber  
  50  4:13  Drone  
  50  4:18  Evolution Chamber  
  50  4:19  Drone  
  50  4:21  Drone  
  50  4:23  Drone  
  52  4:25  Drone  
  52  4:28  Drone  
  54  4:40  Zerg Missile Weapons Level 1  
  54  4:43  Zerg Ground Armor Level 1  
  54  4:45  Hydralisk Den, Overlord  
  54  4:47  Drone  
  54  4:50  Roach  
  56  4:53  Roach  
  56  4:59  Drone  
  58  5:02  Drone x2  
  58  5:05  Drone  
  53  5:07  Drone  
  53  5:09  Drone  
  53  5:13  Drone  
  48  5:14  Hydralisk  
  50  5:21  Hydralisk  
  50  5:27  Hydralisk  
  54  5:32  Hydralisk  
  54  5:35  Drone  
  57  5:38  Drone  
  57  5:40  Drone  
  57  5:42  Drone  
  60  5:44  Drone  
  60  5:47  Drone  
  60  5:50  Drone  
  60  5:53  Drone  
  60  5:55  Drone  
  55  6:00  Drone  
  54  6:06  Drone  
  54  6:09  Drone  
  54  6:16  Queen  
  56  6:19  Drone  
  56  6:21  Drone  
  56  6:24  Drone  
  59  6:27  Drone  
  59  6:29  Drone  
  61  6:34  Overlord  
  61  6:36  Drone  
  61  6:39  Drone  
  63  6:43  Drone  
  64  6:48  Drone  
  64  6:53  Ravager  
  67  6:54  Drone  
  67  6:56  Ravager  
  67  6:59  Overlord  
  68  7:05  Drone  
  69  7:10  Drone  
  69  7:11  Queen  
  69  7:15  Drone  
  69  7:20  Drone  
  70  7:23  Hydralisk, Drone, Infestation Pit, Roach  
  70  7:26  Overlord  
  74  7:32  Drone  
  76  7:37  Drone  
  76  7:41  Overseer  
  76  7:43  Drone  
  77  7:48  Zerg Melee Weapons Level 1, Roach  
  77  7:51  Evolution Chamber  
  78  7:54  Drone  
  78  7:58  Roach, Extractor  
  78  8:00  Spine Crawler  
  78  8:01  Spine Crawler  
  78  8:04  Drone  
  72  8:08  Hydralisk  
  74  8:15  Drone  
  74  8:16  Queen, Extractor  
  74  8:17  Infestor  
  74  8:18  Drone, Lurker Den, Roach  
  74  8:19  Hydralisk  
  80  8:26  Overlord  
  82  8:30  Hydralisk  
  84  8:37  Roach  
  84  8:40  Hydralisk  
  88  8:47  Spore Crawler  
  88  8:48  Drone, Hatchery  
  88  8:50  Drone  
  88  8:52  Overlord  
  88  8:55  Drone  
  89  8:57  Drone  
  89  8:59  Drone  
  91  9:03  Drone  
  91  9:09  Drone  
  93  9:14  Drone  
  94  9:20  Drone  
  94  9:21  Hydralisk, Infestor, Overlord, Spore Crawler  
  94  9:23  Drone  
  99  9:25  Roach  
  99  9:27  Roach  
  99  9:30  Roach  
  105  9:39  Hydralisk, Hive  
  105  9:45  Overlord  
  107  9:47  Hydralisk  
  107  9:50  Hydralisk  
  111  9:59  Hydralisk  
  111  10:00  Drone x3, Lurker  
  111  10:02  Drone  
  111  10:04  Drone  
  119  10:07  Overlord  
  119  10:10  Drone  
  119  10:12  Zergling x2  
  111  10:14  Zergling x2  
  111  10:18  Drone  
  99  10:21  Drone x2  
  99  10:24  Hydralisk  
  99  10:25  Drone x2  
  99  10:27  Hydralisk  
  94  10:30  Hydralisk  
  94  10:32  Drone  
  94  10:34  Drone  
  94  10:35  Drone  
  95  10:36  Drone  
  95  10:41  Zergling x2  
  85  10:43  Zergling x2  
  85  10:46  Roach  
  79  10:51  Roach  
  79  10:53  Roach  
  79  10:56  Overseer, Viper, Drone, Roach  
  79  10:57  Roach, Spire  
  82  10:58  Hydralisk  
  82  11:03  Zergling x2  
  78  11:05  Zergling x2  
  78  11:08  Hydralisk  
  75  11:15  Queen  
  74  11:19  Hydralisk  
  74  11:24  Hydralisk  
  77  11:26  Drone  
  77  11:27  Drone  
  77  11:29  Zergling x2  
  77  11:31  Zergling x2  
  66  11:34  Roach  
  66  11:38  Roach  
  55  11:43  Roach  
  45  11:54  Hydralisk  
  45  11:55  Roach  
  39  12:08  Queen  
  39  12:09  Zergling x4, Roach  
  39  12:11  Mutalisk  
  28  12:30  Zergling x2  
  28  12:33  Zergling x2  
  27  12:38  Hatchery  
  16  13:06  Overlord  
  16  13:19  Spawning Pool  
Tags
 
Add a new tag
Caveats
  • Supply blocks, unpowered buildings, or Contaminate may cause inaccurate times.
  • Supply counts are checked every 10 seconds.